 Dungeon Crawl Stone Soup version 0.30-a0-585-g93115170b9 (webtiles) character file.

Game seed: 3669320533094633980

261 wormed the Sneak (level 6, 0/58 HPs)
             Began as a Kobold Delver on Jan 1, 2023.
             Slain by a gnoll
             ... wielding a +0 flail
              (4 damage)
             ... on level 5 of the Dungeon.
             The game lasted 00:02:07 (574 turns).

wormed the Sneak (Kobold Delver)                     Turns: 574, Time: 00:02:08

Health: 0/58       AC: 23    Str: 10    XL:     6   Next: 41%
Magic:  6/6        EV:  3    Int: 11    God:
Gold:   22         SH:  0    Dex: 18    Spells: 5/5 levels left

rFire   . . .      SeeInvis .    i - +0 rapier
rCold   . . .      Faith    .    (no shield)
rNeg    . . .      Spirit   .    (body armour currently unavailable)
rPois   +          Reflect  .    (helmet currently unavailable)
rElec   .          Harm     .    (cloak currently unavailable)
rCorr   .          Rampage  .    (gloves currently unavailable)
Will    .....      NoTele   +    (boots currently unavailable)
Stlth   +++++                    (no amulet)
HPRegen 0.29/turn                (no ring)
MPRegen 0.10/turn                (no ring)

@: tree-form
A: stationary, stasis, torment immunity, boosted hp, small, no large weapons,
nightstalker 3
a: no special abilities


You were on level 5 of the Dungeon.
You were a tree.
You visited 1 branch of the dungeon, and saw 2 of its levels.

You collected 22 gold pieces.

Inventory:

Hand Weapons
 a - a +0 short sword
 i - a +0 rapier (weapon)
Armour
 b - a +0 leather armour (melded)
 f - a +2 cloak (melded)
Wands
 g - a wand of digging (3)
Scrolls
 c - a scroll of poison {unknown}
 d - a scroll of immolation {unknown}
 e - a scroll of summoning {unknown}


   Skills:
 + Level 4.4 Fighting
 * Level 5.6 Short Blades
 + Level 3.9 Dodging
 + Level 7.6 Stealth


You had 5 spell levels left.
You didn't know any spells.
Your spell library was empty.

Dungeon Overview and Level Annotations

Branches:
Dungeon (5/15)
 Temple: D:4-7

Altars:

Annotations:
D:5 2 runed translucent doors


Innate Abilities, Weirdness & Mutations

You are a tree.
Your roots penetrate the ground, keeping you stationary.
You cannot be teleported.
You are immune to unholy pain and torment.
Your maximum health is greatly increased.
Your equipment is partially melded.
You are small and have problems with some larger weapons.
You are completely attuned to the shadows.


Message History

The helpless adder fails to defend itself.
You spit the adder like a pig!!!
You kill the adder!
Blork the orc comes into view.
He is wielding a +2 heavy battleaxe.
Found 4 gold pieces.
You see here a scroll labelled URRAUTRIDIS.
The helpless Blork the orc fails to defend himself.
You spit Blork the orc like a pig!!!
You kill Blork the orc!
Things that are here:
a +2 heavy battleaxe; a +0 robe; the orc corpse of Blork the orc
e - a scroll labelled URRAUTRIDIS
There are no items here.
Found a rapier.
You now have 22 gold pieces (gained 4).
You see here a +0 rapier.
i - a +0 rapier (weapon)
A gnoll is nearby!
The gnoll barely misses you.
You hit the gnoll.
The gnoll is heavily wounded.
The gnoll closely misses you.
You hit the gnoll but do no damage.
The gnoll is heavily wounded.
The gnoll hits you with a +0 flail.
You are too injured to fight recklessly!
Sorry, you're not good enough to have a special ability.
You hit the gnoll.
The gnoll is heavily wounded.
The gnoll hits you with a +0 flail!
* * * LOW HITPOINT WARNING * * *
It was a potion of lignification.
You turn into a tree.
Your +2 cloak melds into your body.
Your +0 leather armour melds into your body.
Your roots penetrate the ground.
The gnoll hits you with a +0 flail!
* * * LOW HITPOINT WARNING * * *
You barely miss the gnoll.
The gnoll is heavily wounded.
The gnoll hits you with a +0 flail.
You die...

*,*,*>********,* *,#..#
*,*,*,,,,,,,,,,* *,#..#
*,*,*****###########
*,#..#
*,*,,,,,,..........#
*,#..#
*,********#..).....#
*,#..# ***,*******
#.......†# *,#..#
,,,,,,,,,,###........#
#.#..#
***,,,,,,,...........#
#.#..###
*,*****,####..♣g...#
#.#..... *** *,*
#.......# #.##.###
*,***#.......#####.......
*,,,...........<..g...###
*,**###################
***


You could see a gnoll.

Vanquished Creatures
  A phantom (D:5)
  Blork the orc (D:5)
  An orc priest (D:5)
  Crazy Yiuf (D:5)
  An iguana (D:5)
  An orc wizard (D:5)
  2 adders (D:5)
  An orc (D:5)
  A quokka (D:5)
10 creatures vanquished.

Notes
Turn   | Place    | Note
-------+----------+-------------------------------------------
     0 | D:5      | wormed the Kobold Delver began the quest for the Orb.
     0 | D:5      | Reached XP level 1. HP: 14/14 MP: 1/1
    16 | D:5      | Reached XP level 2. HP: 19/19 MP: 2/2
   133 | D:5      | Noticed a howler monkey
   223 | D:5      | Found a runed translucent door.
   226 | D:5      | Noticed Crazy Yiuf
   231 | D:5      | Killed Crazy Yiuf
   232 | D:5      | Reached XP level 3. HP: 24/24 MP: 3/3
   364 | D:5      | Noticed a phantom
   368 | D:5      | Killed a phantom
   369 | D:5      | Reached skill level 7 in Stealth
   369 | D:5      | Reached XP level 4. HP: 29/29 MP: 4/4
   369 | D:5      | Reached XP level 5. HP: 33/33 MP: 5/5
   397 | D:5      | Reached skill level 5 in Short Blades
   427 | D:5      | Found a large runed translucent door.
   427 | D:5      | Found a large runed translucent door.
   533 | D:5      | Reached XP level 6. HP: 11/38 MP: 6/6
   538 | D:5      | Noticed Blork the orc
   542 | D:5      | Killed Blork the orc
   574 | D:5      | Slain by a gnoll

Illustrated notes

Levels and vault maps discovered:
D:4:      layout_basic, minmay_temple_entry_slanted, portal_sewer_entry_a
D:5:      layout_basic, ebering_ghost_disaster_area, uniq_blork_the_orc,
          uniq_crazy_yiuf_cottage

Skill      XL: |  1  2  3  4  5 |
---------------+----------------+-----
Short Blades   | 3 4 5 |  5.6
Fighting       | 4 |  4.4
Dodging        | 3 |  3.9
Stealth        | 7 |  7.6

Action                   |  1- 3 |  4- 6 || total
-------------------------+-------+-------++-------
Melee: Short sword       |     4 |    26 ||    30
       Punch             |       |     1 ||     1
       Rapier            |       |     4 ||     4
  Use: Scroll            |     1 |     2 ||     3
       Potion            |     1 |     1 ||     2
 Stab: Sleeping          |     4 |     5 ||     9
Armor: Leather armour    |       |     7 ||     7
Dodge: Dodged            |     1 |    11 ||    12

Table legend: (Time is in decaauts)
 A = Elapsed time spent in this place.
 B = Non-inter-level travel time spent in this place.
 C = Inter-level travel time spent in this place.
 D = Time resting spent in this place.
 E = Time spent auto-exploring this place.
 F = Levels seen in this place.
 G = Mean time per level.
                   A        B        C        D        E       F      G
               +--------+--------+--------+--------+--------+-----+--------+
         Total |    552 |    326 |    226 |      0 |    180 |   2 |  276.0 |
       Dungeon |    552 |    326 |    226 |      0 |    180 |   2 |  276.0 |
               +--------+--------+--------+--------+--------+-----+--------+

Top non-repeatable levels by time:
     D:5: 536 daAuts
     D:4: 15 daAuts
